AoeStats
← bigbrd1026

Migration

505137930Analyzed
1v1 RM · 25d ago on Sep 8, 2026· 65m 36s· 2 players
Game mode
Random Map
Map size
132×132
Population
200
Speed
Normal
Resources
Standard
Victory
Conquest
Starting age
Dark Age
Ending age
Imperial Age
RankedLock teamsTeams togetherTeam positionsShared explorationLock speedFull tech treeHidden civsTurbo modeCheats
Victory
Defeat
🇺🇸 Ethiopians · United States
1009
+35
🇹🇼 Vikings · Taiwan
1012
-16
bigbrd1026
7:35 Loom
10:22 Feudal Age
17:41 Castle Age
16:20 Double-Bit Axe
16:28 Fletching
19:56 Bow Saw
19:38 Gold Mining
19:48 Bodkin Arrow
19:59 Crossbowman
24:21 Medium Warships
32:52 Wheelbarrow
34:22 Thumb Ring
36:23 Hand Cart
39:54 Imperial Age
41:06 Arbalester
42:53 Two-Man Saw
43:35 Cavalier
44:46 Bracer
44:52 Scale Barding Armor
47:52 Conscription
49:43 Chain Barding Armor
49:26 Padded Archer Armor
50:51 Heavy Warships
52:23 Husbandry
55:03 Gold Shaft Mining
54:21 Stone Mining
54:58 Leather Archer Armor
54:55 Forging
55:23 Capped Ram
happywego318
7:09 Loom
10:41 Feudal Age
17:04 Castle Age
15:37 Double-Bit Axe
16:19 Horse Collar
17:44 Horse Collar
23:02 Fletching
23:22 Stone Mining
23:06 Man-at-Arms
24:35 Gold Mining
28:26 Imperial Age
28:13 Bodkin Arrow
30:48 Chemistry
30:09 Bracer
30:48 Gold Shaft Mining
29:50 Elite Skirmisher
33:07 Bow Saw
41:05 Elite Longship
44:11 Elite Cannon Galleon
49:09 Two-Man Saw
48:50 Siphons
51:16 Elite Berserk
62:33 Pikeman
Connection lost

Rejoining the realm…

Still unreachable

The connection could not be restored.

Session expired

The server has moved on; the page needs a fresh start.